 Dungeon Crawl Stone Soup version 0.21-a0-163-g3aa3f5d (webtiles) character file.

36798 Manul the Nimble (level 13, -12/67 HPs)
             Began as a Spriggan Abyssal Knight on Aug 4, 2017.
             Was a High Priest of Lugonu.
             Mangled by Donald
             ... wielding a +5 demon trident of pain
              (45 damage)
             ... on level 2 of the Orcish Mines on Aug 5, 2017.
             The game lasted 00:32:49 (15539 turns).

Manul the Nimble (Spriggan Abyssal Knight)         Turns: 15539, Time: 00:32:50

Health: -12/67     AC:  7    Str: 10    XL:     13   Next: 54%
Magic:  26/26      EV: 32    Int: 16    God:    Lugonu [*****.]
Gold:   1234       SH:  0    Dex: 18    Spells: 13/28 levels left

rFire    . . .     SeeInvis +   z - +6 short sword of Koixziw {pierce, +Blink}
rCold    . . .     Gourm    .   (shield restricted)
rNeg     . . .     Faith    .   c - +0 troll leather armour {Purgy}
rPois    .         Spirit   .   G - +2 hat
rElec    .         Reflect  .   q - +0 cloak
rCorr    .         Harm     .   (gloves unavailable)
MR       ++...                  (boots unavailable)
Stlth    +++++.....             T - amulet of rage
HPRegen  0.61/turn              s - +2 ring of strength
MPRegen  0.20/turn              (no ring)

@: berserk cooldown, very quick
A: unfitting armour, fangs 1, talons 1, repulsion field 2, see invisible,
herbivore 3, speed 3, slow metabolism 2, wild magic 1, evolution 1
a: Depart the Abyss, Bend Space, Banish, Corrupt, Enter the Abyss, Renounce
Religion, Evoke Blink, Evoke Berserk Rage


You were on level 2 of the Orcish Mines.
You worshipped Lugonu.
Lugonu was extremely pleased with you.
You were not hungry.

You visited 3 branches of the dungeon, and saw 18 of its levels.
You visited the Abyss 2 times.

You collected 1395 gold pieces.
You spent 161 gold pieces at shops.

Inventory:

Hand Weapons
 a - a +1 short sword
 p - a +3 dagger of protection
 z - the +6 short sword of Koixziw (weapon) {pierce, +Blink}
   (You found it on level 6 of the Dungeon)

   It inflicts extra damage upon your enemies.
   It lets you blink.
Armour
 b - a +0 robe
 c - a +0 troll leather armour (worn) {Purgy}
 q - a +0 cloak (worn)
 G - a +2 hat (worn)
 H - a +1 hat
Jewellery
 s - a +2 ring of strength (left hand)
 T - an amulet of rage (around neck)
Wands
 v - a wand of disintegration (9/24)
 w - a wand of paralysis (0/24)
 D - a wand of disintegration (6/24)
 I - a wand of scattershot (1/9)
 J - a wand of confusion (32/48)
 U - a wand of paralysis (6/24)
Scrolls
 d - 8 scrolls of identify
 f - 4 scrolls of amnesia
 h - 5 scrolls of teleportation
 j - 2 scrolls of noise {unknown}
 o - 4 scrolls of magic mapping {unknown}
 r - 3 scrolls of recharging
 x - a scroll of vulnerability {unknown}
 y - 4 scrolls of remove curse
 M - 2 scrolls of blinking {unknown}
 N - a scroll of fog
 O - a scroll of summoning
 V - a scroll of acquirement
 W - a scroll of silence
 X - 2 scrolls of enchant armour {unknown}
Potions
 e - 4 potions of curing
 i - 5 potions of lignification
 k - 4 potions of magic
 l - 6 potions of agility
 t - a potion of experience
 u - a potion of ambrosia {unknown}
 C - 3 potions of might
 E - 2 potions of heal wounds
 F - 3 potions of berserk rage
 K - 2 potions of cancellation
 L - a potion of resistance
 Q - a potion of brilliance
Books
 A - a book of Battle

   Spells                             Type                      Level
   a - Infusion                       Charms                       1
   b - Shroud of Golubria             Charms/Translocation         2
   c - Song of Slaying                Charms                       2
   d - Spectral Weapon                Hexes/Charms                 3
   e - Regeneration                   Charms/Necromancy            3
 B - a book of Misfortune

   Spells                             Type                      Level
   a - Confusing Touch                Hexes                        1
   b - Confuse                        Hexes                        3
   c - Gell's Gravitas                Translocation                3
   d - Petrify                        Transmutation/Earth          4
   e - Metabolic Englaciation         Hexes/Ice                    5
   f - Yara's Violent Unravelling     Hexes/Transmutation          5
 P - a book of Callings

   Spells                             Type                      Level
   a - Summon Small Mammal            Summoning                    1
   b - Call Imp                       Summoning                    2
   c - Call Canine Familiar           Summoning                    3
   d - Summon Guardian Golem          Hexes/Summoning              3
   e - Summon Lightning Spire         Summoning/Air                4
   f - Summon Ice Beast               Ice/Summoning                4
 R - a book of Frost

   Spells                             Type                      Level
   a - Freeze                         Ice                          1
   b - Throw Frost                    Conjuration/Ice              2
   c - Ozocubu's Armour               Charms/Ice                   3
   d - Throw Icicle                   Conjuration/Ice              4
   e - Summon Ice Beast               Ice/Summoning                4
Miscellaneous
 g - a lightning rod (4/4)
Comestibles
 m - 5 bread rations
 n - 9 royal jellies
 S - 4 fruits


   Skills:
 + Level 7.1 Fighting
 + Level 12.2 Short Blades
 + Level 3.7 Armour
 + Level 13.4 Dodging
 + Level 12.2 Stealth
   Level 1.3 Shields
 * Level 8.0 Spellcasting
 + Level 2.9 Hexes
 * Level 9.5 Charms
 + Level 1.8 Ice Magic
 - Level 6.9 Invocations
 + Level 5.4 Evocations


You had 13 spell levels left.
You knew the following spells:

 Your Spells              Type           Power        Failure   Level  Hunger
a - Infusion              Chrm           ####         1%          1    None
b - Ozocubu's Armour      Chrm/Ice       ####....     7%          3    ##.....
c - Song of Slaying       Chrm           #####...     1%          2    None
d - Spectral Weapon       Hex/Chrm       ####....     5%          3    ##.....
e - Summon Guardian Gole  Hex/Summ       ##......     32%         3    ##.....
f - Confuse               Hex            ###.....     19%         3    ##.....


Dungeon Overview and Level Annotations

Branches:
Dungeon (15/15)            Temple (1/1) D:5            Lair (0/6) D:9
    Orc (2/2) D:12            Elf (0/3) Orc:2        Vaults (0/5) D:13
 Depths: D:15

Altars:
Ashenzari
Cheibriados
Okawaru
Qazlal
Ru
Uskayaw
Wu Jian
Xom
Yredelemnul
Zin
The Shining One

Shops:
D:7 [   D:8 (   D:11 *

Portals:
Trove: D:11 (give +2 gold dragon scales)

Annotations:
D:7 1 transporter
Orc:2 Donald


Innate Abilities, Weirdness & Mutations

You are very small and have problems with some larger weapons.
You are too small for most types of armour.
You have supernaturally acute eyesight. (SInv)
You are a herbivore.
You cover ground extremely quickly.
You need consume almost no food.
You have very sharp teeth.
You have sharp toenails.
You are surrounded by a moderate repulsion field. (EV +3)
Your spells are a little harder to cast, but a little more powerful.
You evolve.


Message History

You are too injured to fight recklessly!
You are too injured to fight recklessly!
You are too injured to fight recklessly!
Donald hits you from afar with a demon trident of pain!!
* * * LOW HITPOINT WARNING * * *
Okay, then.
You feel much better. Donald completely misses you.
Evoke which item? (* to show all) (? for menu, Esc to quit)
Aiming: Paralyse
Press: ? - help, Shift-Dir - straight line, f - Donald
Aim: Donald, wielding a demon trident of pain, wearing a shiny chain mail and wearing a glowing shield (heavily wounded, fast, unusually strong, chance to defeat MR: 6%)
Okay, then.
You see here a trident.
Your icy armour evaporates.
Things that are here:
a dagger; a glowing robe; an orc corpse
There is a stone staircase leading up, spattered with blood here.
Donald hits you from afar with a demon trident of pain!!!
Ouch! That really hurt!
You die...

..................
.........<#.......##
.....................
.............#.......
.....................
..##...............#.
##................
##....@.)........
##....[)@........
####......))).......
#.#......)[....##.##
...................
.#...............#
### ##...[$[......###
#..##....).......##
.....
.....#...)[)....##
#.....
..........#......#
.#....


You could see Donald.

Vanquished Creatures
  An orc warlord (Orc:1)
  2 vault guards (D:13)
  A great orb of eyes (D:12)
  5 two-headed ogres
  3 unseen horrors
  A wizard (D:15)
  Pikel (D:7)
  2 cyclopes
  A deep elf mage (D:13)
  3 orc sorcerers
  2 orc knights
  2 ugly things (D:13)
  A manticore (D:12)
  A centaur zombie (D:13)
  5 trolls
  A harpy skeleton (D:15)
  3 hippogriffs
  A slime creature (D:13)
  A blink frog (Abyss:1)
  2 shadows
  A basilisk (shapeshifter) (D:13)
  2 wyverns (D:9)
  A human (D:8)
  A wraith (D:13)
  10 yaks
  3 hogs (D:8)
  2 wargs (Orc:1)
  2 ice beasts
  Purgy (D:3)
  3 sky beasts
  10 orc warriors
  2 hornet zombies
  A necrophage (D:13)
  13 ogres
  5 centaurs
  A crocodile (D:10)
  9 bullfrogs
  3 big kobolds
  A scorpion (D:6)
  6 killer bees (D:11)
  3 wights (D:8)
  6 crimson imps
  8 hounds
  4 quasits
  4 jellies
  5 centaur skeletons
  A gnoll shaman (D:5)
  16 orc priests
  A bullfrog zombie (D:10)
  17 orc wizards
  6 bullfrog skeletons
  9 iguanas
  13 worker ants
  A killer bee zombie (D:9)
  A hound zombie (D:6)
  A hound skeleton (D:4)
  A mummy (D:8)
  A howler monkey zombie (D:8)
  5 gnolls (D:5)
  8 adders
  2 shadow imps
  2 oozes
  2 adder skeletons
  A worm (D:3)
  2 dart slugs (D:2)
  13 leopard geckos
  60 orcs
  7 bats
  11 giant cockroaches
  10 goblins
  15 hobgoblins
  13 jackals
  2 quokkas
  7 frilled lizards
  3 hobgoblin zombies (D:8)
  A jackal skeleton (D:8)
  20 kobolds
  A kobold zombie (D:8)
  A leopard gecko zombie (D:5)
  A quokka zombie (D:8)
  9 rats
410 creatures vanquished.

Vanquished Creatures (others)
  The ghost of Manul the Martial Artist, a novice DsMo of Gozag (D:9)
  A slave (D:7)
  An orc priest (D:7)
  An orc wizard (D:7)
  An orc (D:7)
  3 spectral weapons
  6 starspawn tentacles
14 creatures vanquished.

Grand Total: 424 creatures vanquished

Notes
Turn   | Place    | Note
-------+----------+-------------------------------------------
     0 | Abyss:1  | Manul the Spriggan Abyssal Knight began the quest for the Orb.
     0 | Abyss:1  | Reached XP level 1. HP: 11/11 MP: 3/3
    11 | Abyss:2  | Found a corrupted altar of Lugonu.
    21 | Abyss:2  | Found a corrupted altar of Lugonu.
    34 | Abyss:2  | Found a hide-covered altar of Uskayaw.
    82 | Abyss:2  | Found a corrupted altar of Lugonu.
    82 | Abyss:2  | Noticed a worldbinder
    85 | Abyss:2  | Noticed a raiju
    88 | Abyss:2  | Noticed a large abomination
    98 | Abyss:3  | Noticed a wretched star
   139 | Abyss:5  | Entered Level 5 of the Abyss
   145 | Abyss:5  | Noticed a large abomination
   151 | Abyss:5  | Found a corrupted altar of Lugonu.
   161 | Abyss:5  | Noticed a tentacled starspawn
   186 | Abyss:5  | Found a corrupted altar of Lugonu.
   203 | Abyss:5  | Noticed a starcursed mass
   217 | Abyss:5  | Noticed a large abomination
   242 | Abyss:5  | Noticed a spatial maelstrom
   245 | Abyss:5  | Noticed a spatial vortex
   247 | Abyss:5  | Noticed a rakshasa
   265 | Abyss:5  | Noticed a neqoxec
   278 | Abyss:5  | Noticed a spatial maelstrom
   282 | Abyss:5  | Noticed a spatial vortex
   283 | Abyss:5  | Noticed a spatial vortex
   285 | Abyss:5  | Noticed a spatial vortex
   287 | D:1      | Escaped the Abyss
   501 | D:1      | Reached skill level 4 in Dodging
   524 | D:1      | Reached XP level 2. HP: 6/16 MP: 4/4
  1304 | D:1      | Reached ** piety under Lugonu
  1666 | D:1      | Reached XP level 3. HP: 19/19 MP: 5/5
  2173 | D:2      | Found a shattered altar of Ashenzari.
  2361 | D:2      | Found a hide-covered altar of Uskayaw.
  2387 | D:2      | Reached XP level 4. HP: 20/24 MP: 6/6
  2422 | D:2      | Found a shimmering altar of Xom.
  2422 | D:2      | Noticed an angel
  2426 | D:2      | Found a glowing silver altar of Zin.
  2716 | D:2      | Reached skill level 1 in Stealth
  3304 | D:3      | Reached *** piety under Lugonu
  3349 | D:3      | Reached XP level 5. HP: 6/28 MP: 7/7
  3605 | D:3      | Noticed Purgy
  3698 | D:3      | Gained mutation: You are surrounded by a mild repulsion field. (EV +2) [potion of mutation]
  3698 | D:3      | Gained mutation: You evolve. [potion of mutation]
  3698 | D:3      | Gained mutation: Your spells are a little harder to cast, but a little more powerful. [potion of mutation]
  4347 | D:3      | Reached skill level 5 in Dodging
  4432 | D:3      | Killed Purgy
  4432 | D:3      | Reached XP level 6. HP: 21/32 MP: 8/8
  4824 | D:3      | Gained mutation: You have sharp toenails. [evolution]
  4862 | D:4      | Reached skill level 5 in Short Blades
  4862 | D:4      | Reached skill level 6 in Dodging
  5051 | D:4      | Reached skill level 1 in Evocations
  5051 | D:4      | Reached XP level 7. HP: 37/37 MP: 9/9
  5151 | D:4      | Reached **** piety under Lugonu
  5169 | D:4      | Reached skill level 7 in Dodging
  5480 | D:4      | Found a glowing golden altar of the Shining One.
  5487 | D:4      | Found a basalt altar of Yredelemnul.
  5549 | D:4      | Found a sacrificial altar of Ru.
  5621 | D:4      | Noticed an angel
  5670 | D:5      | Entered Level 5 of the Dungeon
  6022 | D:5      | Reached skill level 1 in Armour
  6163 | D:5      | Found a staircase to the Ecumenical Temple.
  6167 | Temple   | Entered the Ecumenical Temple
  6234 | D:5      | Reached skill level 8 in Dodging
  6623 | D:5      | Reached XP level 8. HP: 42/42 MP: 10/10
  6905 | D:6      | Found a snail-covered altar of Cheibriados.
  6924 | D:6      | HP: 1/42 [orc warrior/long sword (13)]
  7247 | D:6      | Reached skill level 9 in Dodging
  7648 | D:6      | Got an ebony short sword
  7649 | D:6      | Identified the +6 short sword of Koixziw {pierce, +Blink} (You found it on level 6 of the Dungeon)
  7676 | D:6      | Found an ornate altar of the Wu Jian Council.
  7889 | D:7      | Found a transporter.
  7917 | D:7      | Learned a level 1 spell: Infusion
  8041 | D:7      | Reached XP level 9. HP: 45/46 MP: 12/12
  8049 | D:7      | Reached skill level 10 in Dodging
  8189 | D:7      | Noticed Pikel
  8206 | D:7      | Killed Pikel
  8206 | D:7      | Reached skill level 5 in Stealth
  8219 | D:7      | Found a stormy altar of Qazlal.
  8342 | D:7      | Found Sathrergha's Antique Armour Shop.
  8366 | D:7      | Bought an embroidered hat for 161 gold pieces
  8476 | D:7      | Noticed a troll
  8521 | D:8      | Noticed a two-headed ogre
  8528 | D:8      | Killed a two-headed ogre
  8656 | D:8      | Reached ***** piety under Lugonu
  8764 | D:8      | Reached skill level 11 in Dodging
  8850 | D:8      | Found Opyfod's Antique Weapon Boutique.
  8934 | D:8      | Found an iron altar of Okawaru.
  8939 | D:8      | Reached XP level 10. HP: 51/51 MP: 14/14
  9170 | D:8      | Reached skill level 5 in Fighting
  9176 | D:8      | Reached skill level 5 in Invocations
  9523 | D:9      | Found a staircase to the Lair.
  9632 | D:9      | Noticed Manul's ghost (novice DsMo)
  9669 | D:8      | Upgraded the game from 0.21-a0-156-g77413b7 to 0.21-a0-163-g3aa3f5d
  9893 | D:9      | Gained mutation: You have very sharp teeth. [evolution]
 10426 | D:10     | Entered Level 10 of the Dungeon
 10449 | D:9      | Banished Manul's ghost
 10449 | D:9      | Reached skill level 10 in Short Blades
 10527 | D:10     | Noticed a two-headed ogre
 10646 | D:10     | Killed a two-headed ogre
 10733 | D:10     | Reached XP level 11. HP: 52/56 MP: 16/16
 10809 | D:10     | Noticed a two-headed ogre
 10817 | D:10     | Killed a two-headed ogre
 10817 | D:10     | Reached skill level 12 in Dodging
 10943 | D:10     | Learned a level 3 spell: Ozocubu's Armour
 11135 | D:10     | Learned a level 2 spell: Song of Slaying
 11139 | D:10     | Learned a level 3 spell: Spectral Weapon
 11163 | D:11     | Reached skill level 1 in Charms
 11324 | D:11     | Found Saoth's General Store.
 11641 | D:11     | Found a portal to a secret trove of treasure.
 11700 | D:11     | Gained mutation: You are surrounded by a moderate repulsion field. (EV +3) [evolution]
 11710 | D:11     | Reached ****** piety under Lugonu
 11721 | D:11     | Reached skill level 1 in Spellcasting
 11853 | D:12     | Noticed an unseen horror
 11857 | D:12     | Killed an unseen horror
 11860 | D:12     | Noticed an unseen horror
 11865 | D:12     | Killed an unseen horror
 12025 | D:12     | Reached skill level 10 in Stealth
 12025 | D:12     | Reached skill level 1 in Shields
 12025 | D:12     | Reached skill level 1 in Ice Magic
 12025 | D:12     | Reached XP level 12. HP: 62/62 MP: 17/20
 12035 | D:12     | Found a staircase to the Orcish Mines.
 12268 | D:12     | You fall through a shaft for 3 floors!
 12268 | D:15     | Entered Level 15 of the Dungeon
 12270 | D:15     | Reached skill level 5 in Spellcasting
 12419 | D:12     | Learned a level 3 spell: Summon Guardian Golem
 12420 | D:12     | Identified a scroll of acquirement
 12467 | Abyss:1  | Noticed a tentacled starspawn
 12477 | Abyss:1  | Noticed a tentacled starspawn
 12494 | Abyss:1  | Noticed a hellephant
 12509 | Abyss:1  | HP: 3/62 [hellephant/blast of flame (38)]
 12511 | D:12     | Escaped the Abyss
 12721 | D:12     | Noticed a great orb of eyes
 12750 | D:12     | Killed a great orb of eyes
 13114 | D:13     | Reached skill level 13 in Dodging
 13195 | D:13     | Found a gate to the Vaults.
 13195 | D:13     | Noticed a vault guard
 13195 | D:13     | Noticed a vault guard
 13195 | D:13     | Noticed a vault guard
 13195 | D:13     | Noticed a two-headed ogre
 13196 | D:13     | Noticed a vault guard
 13234 | D:13     | Killed a vault guard
 13234 | D:13     | Reached XP level 13. HP: 36/66 MP: 20/23
 13959 | D:13     | Learned a level 3 spell: Confuse
 14632 | Orc:1    | Entered Level 1 of the Orcish Mines
 14692 | Orc:2    | Entered Level 2 of the Orcish Mines
 14796 | Orc:2    | Noticed an orc warlord
 14952 | Orc:1    | Killed an orc warlord
 14952 | Orc:1    | Reached skill level 5 in Evocations
 15276 | Orc:2    | Found a staircase to the Elven Halls.
 15517 | Orc:2    | Noticed Donald
 15533 | Orc:2    | HP: 1/67 [Donald/demon trident of pain (18)]
 15539 | Orc:2    | Mangled by Donald

Vault maps used:
D:1:      tarquinn_simple_flora_water_c
D:2:      grunt_temple_overflow_order_and_chaos_1, old_standard_altar,
          old_standard_altar
D:3:      minmay_roachtagon, portal_sewer_entry_f, uniq_purgy
D:4:      grunt_temple_overflow_holy_war, lemuel_crystal_altar
D:5:      minmay_temple_entry_trees, first_bread
D:6:      marbit_many_paths, cheibriados_altar_1
D:7:      gammafunk_beogh_shrine, grunt_qazlal_clouds, serial_shops, shop_coins,
          uniq_pikel
D:8:      overflow_temple_1_default, serial_shops, shop, grunt_livestock,
          minmay_mini_ossuary
D:9:      dpeg_oklobed_lair, evilmike_butchery
D:11:     serial_shops, nicolae_shop_trees, nicolae_trove_entry_columns
D:12:     orc_0_dummy, kennysheep_small_square
D:13:     kennysheep_big_flooded_room, lightli_vaults_fourway_checkpoint,
          grunt_ministairs_6, minivault_5
D:14:     ashenzari_altar_1, minmay_misc_feat_iff, minmay_tree_intersection
D:15:     gammafunk_depths_entry_grave, minmay_misc_feat_five, uniq_azrael,
          uniq_agnes
Temple:   minmay_temple_bridge_abc
Orc:1:    basic_altar, uniq_maurice
Orc:2:    st_orc_mages, uniq_donald
Abyss:1:  evilmike_abyss_exit_15
Abyss:4:  grunt_abyss_rune_forest_and_sorcery
Abyss:5:  nicolae_abyss_rune_star_stuff

Skill      XL: |  1  2  3  4  5  6  7  8  9 10 11 12 13 |
---------------+----------------------------------------+-----
Dodging        | 4 5 6 8 9 11 12 13 | 13.4
Fighting       | 3 4 5 6 7 |  7.1
Short Blades   | 3 4 5 6 7 9 10 11 12 | 12.2
Stealth        | 2 3 4 6 8 10 11 12 | 12.2
Evocations     | 1 2 4 5 |  5.4
Armour         | 1 2 3 |  3.7
Invocations    | 3 4 6 |  6.9
Charms         | 6 7 9 |  9.5
Spellcasting   | 4 6 8 |  8.0
Shields        | 1 |  1.3
Hexes          | 2 |  2.9
Ice Magic      | 1 |  1.8

Action                   |  1- 3 |  4- 6 |  7- 9 | 10-12 | 13-15 || total
-------------------------+-------+-------+-------+-------+-------++-------
Melee: Short sword       |   132 |    40 |   147 |   569 |   384 ||  1272
       Dagger            |       |   317 |   309 |       |       ||   626
       Kick              |       |    13 |   135 |   160 |   110 ||   418
       Bite              |       |       |       |    47 |    44 ||    91
 Cast: Song of Slaying   |       |       |       |     3 |       ||     3
       Spectral Weapon   |       |       |       |     2 |     5 ||     7
       Ozocubu's Armour  |       |       |       |       |     8 ||     8
       Infusion          |       |       |       |       |     3 ||     3
       Confuse           |       |       |       |       |     2 ||     2
       Summon Guardian G |       |       |       |       |     2 ||     2
Invok: Banish            |       |       |       |     1 |       ||     1
       Depart the Abyss  |       |       |       |     1 |       ||     1
       Enter the Abyss   |       |       |       |     1 |       ||     1
       Bend Space        |       |       |       |       |     3 ||     3
 Abil: Evoke Berserk Rag |       |       |       |       |     4 ||     4
       Evoke Blink       |       |       |       |       |     4 ||     4
Evoke: Lightning rod     |       |     6 |     5 |       |     3 ||    14
       Wand              |       |       |     2 |     6 |    15 ||    23
  Use: Scroll            |     4 |     1 |     8 |     9 |       ||    22
       Potion            |       |     4 |     2 |     1 |     1 ||     8
 Stab: Sleeping          |     4 |     2 |    12 |    23 |     3 ||    44
       Paralysed         |       |       |     1 |     2 |     1 ||     4
       Distracted        |       |       |       |     5 |     1 ||     6
  Eat: Bread ration      |       |     1 |       |     1 |     2 ||     4
Armor: Robe              |     6 |    48 |       |       |       ||    54
       Troll leather arm |       |    36 |    52 |    35 |    19 ||   142
Dodge: Dodged            |   105 |   381 |   455 |   446 |   357 ||  1744
